 Dungeon Crawl Stone Soup version 0.30-a0-170-g85af917532 (webtiles) character file.

Game seed: 16656381716822631646

166 qw the Chopper (level 5, -1/32 HPs)
             Began as a Gargoyle Fighter on Oct 1, 2022.
             Slain by a gnoll
             ... wielding a +0 spear
              (3 damage)
             ... on level 4 of the Dungeon.
             The game lasted 00:00:54 (3093 turns).

qw the Chopper (Gargoyle Fighter)                   Turns: 3093, Time: 00:00:54

Health: -1/32      AC: 15    Str: 28    XL:     5   Next: 47%
Magic:  5/5        EV:  8    Int: 14    God:
Gold:   161        SH:  5    Dex: 15    Spells: 4/4 levels left

rFire   . . .      SeeInvis .    Y - +1 war axe
rCold   . . .      Faith    .    c - +0 buckler
rNeg    + + .      Spirit   .    q - +0 chain mail
rPois   inf        Reflect  .    k - +0 helmet
rElec   +          Harm     .    (no cloak)
rCorr   +          Rampage  .    (no gloves)
Will    .....                    n - +0 pair of boots
Stlth   ..........               (no amulet)
HPRegen 0.10/turn                g - ring "Erucy" {Str+2 Int+6}
MPRegen 0.09/turn                o - ring "Qymicoh" {rN+ rCorr Str+4 Dex+6 Stlth+}

@: about to teleport
A: sickness immunity, AC +4, negative energy resistance 1, electricity
resistance, torment resistance 1, petrification resistance
a: no special abilities


You were on level 4 of the Dungeon.
You visited 1 branch of the dungeon, and saw 4 of its levels.

You collected 161 gold pieces.


Innate Abilities, Weirdness & Mutations

You are immune to sickness and miasma.
Your stone body is resilient. (AC +4)
You are immune to poison.
You resist negative energy. (rN+)
You are resistant to electric shocks. (rElec)
You are resistant to unholy torment.
You are immune to petrification.


   Skills:
 - Level 3.2 Fighting
 + Level 4.6 Axes
 - Level 3.2 Armour
 - Level 1.4 Dodging
 - Level 3.2 Shields


You had 4 spell levels left.
You didn't know any spells.
Your spell library was empty.

Inventory:

Hand Weapons
 i - a +0 flail
 Y - a +1 war axe (weapon)
Missiles
 l - 7 boomerangs (quivered)
Armour
 c - a +0 buckler (worn)
 k - a +0 helmet (worn)
 n - a +0 pair of boots (worn)
 q - a +0 chain mail (worn)
Jewellery
 g - the ring "Erucy" (left hand) {Str+2 Int+6}
   (You acquired it on level 1 of the Dungeon)

   [ring of intelligence]

   Str:       It affects your strength (+2).
   Int:       It affects your intelligence (+6).
 o - the ring "Qymicoh" (right hand) {rN+ rCorr Str+4 Dex+6 Stlth+}
   (You acquired it on level 3 of the Dungeon)

   [ring of dexterity]

   Str:       It affects your strength (+4).
   Dex:       It affects your dexterity (+6).
   rN:        It protects you from negative energy.
   rCorr:     It protects you from acid and corrosion.
   Stlth:     It makes you more stealthy.
Scrolls
 a - a scroll of identify
Potions
 d - a potion of might
 e - a potion of heal wounds {unknown}
 f - a potion of curing {unknown}
 h - a potion of haste {unknown}
 j - a potion of brilliance {unknown}
 m - a potion of ambrosia {unknown}
 p - a potion of mutation {unknown}
 v - a potion of magic {unknown}

Dungeon Overview and Level Annotations

Branches:
Dungeon (4/15)
 Temple: D:4-7

Altars:

Annotations:
D:2 1 runed translucent door, Crazy Yiuf


Message History

Throw: 7 boomerangs
Press: ? - help, Q - select action Shift-Dir - straight line, f - scorpion You throw a boomerang.
The boomerang hits the scorpion.
The scorpion is lightly wounded.
3083 ||| Stepping ~*~*~tactically~*~*~ (hiding).
Throw: 7 boomerangs
Press: ? - help, Q - select action Shift-Dir - straight line, f/p - scorpion You throw a boomerang.
The boomerang hits the scorpion but does no damage.
The scorpion is lightly wounded.
You closely miss the scorpion.
The scorpion is lightly wounded.
The scorpion stings you. x2; The gnoll barely misses you.
You hit the scorpion but do no damage.
The scorpion is lightly wounded.
The scorpion stings you but does no damage.
The gnoll hits you from afar with a +0 spear.
The scorpion closely misses you.
You slash the scorpion!
The scorpion is severely wounded.
The gnoll barely misses you.
The scorpion stings you but does no damage.
You hit the scorpion but do no damage.
The scorpion is severely wounded.
The scorpion stings you but does no damage.
The gnoll hits you but does no damage. The scorpion barely misses you.
The gnoll closely misses you.
You slash the scorpion!
You kill the scorpion!
The gnoll hits you from afar with a +0 spear!
You have reached level 5!
3091 ||| READING scroll of teleportation.
As you read the scroll of teleportation, it crumbles to dust.
You feel strangely unstable. The gnoll hits you but does no damage.
The gnoll hits you with a +0 spear.
You slash the gnoll!
The gnoll is almost dead.
The gnoll hits you but does no damage. The gnoll hits you with a +0 spear.
You die...

##########
.......<##.
#.......##.
#.......# ..
........# .####
..^.....# ...
........#####g#
...........##@#
...#.#####.##.#
##### #.##.#
#....# #.####
#.# #.# #.# #.#


You could see a gnoll.

Vanquished Creatures
  A scorpion (D:4)
  An iguana (D:4)
  An adder (D:2)
  2 dart slugs
  2 worms
  6 orcs
  3 ball pythons
  6 endoplasms
  3 giant cockroaches
  3 hobgoblins
  4 quokkas
  3 bats
  4 frilled lizards
  8 goblins
  6 kobolds
  2 rats
55 creatures vanquished.

Notes
Turn   | Place    | Note
-------+----------+-------------------------------------------
     0 | D:1      | qw the Gargoyle Fighter began the quest for the Orb.
     0 | D:1      | Reached XP level 1. HP: 14/14 MP: 1/1
     0 | D:1      | 0 ||| qw: Version: 0.2-a-13-gfc7b4b4
     0 | D:1      | 0 ||| qw: Game counter: 1720
     0 | D:1      | 0 ||| qw: Always use a shield: true
     0 | D:1      | 0 ||| qw: God list: Okawaru
     0 | D:1      | 0 ||| qw: Allow faded altars: false
     0 | D:1      | 0 ||| qw: Do Orc after D:15 true
     0 | D:1      | 0 ||| qw: Do second Lair branch before Depths: true
     0 | D:1      | 0 ||| qw: Lair rune preference: random
     0 | D:1      | 0 ||| qw: Plans: Normal, Zot:1-4, God:TSO, Crypt, Tomb,
                  | Pan, Slime:5, Hells, Abyss, Orb
     0 | D:1      | 0 ||| PLANNING D:1-11
    68 | D:1      | 68 ||| Stepping ~*~*~tactically~*~*~ (hiding).
    73 | D:1      | Reached skill level 2 in Axes
   434 | D:1      | Reached XP level 2. HP: 19/19 MP: 2/2
  1034 | D:1      | 1034 ||| READING 2 scrolls labelled CUCRIP CUQOL.
  1035 | D:1      | 1035 ||| READING scroll labelled GUGEORR PUILOF.
  1035 | D:1      | Identified a scroll of acquirement
  1035 | D:1      | 1035 ||| ACQUIRING ring "Erucy" {Str+2 Int+6}
  1035 | D:1      | Acquired the ring "Erucy" {Str+2 Int+6}
  1037 | D:1      | 1037 ||| UPGRADING to ring "Erucy" {Str+2 Int+6}.
  1038 | D:1      | 1038 ||| READING scroll labelled BEUZEZO AMIE.
  1139 | D:1      | 1139 ||| READING scroll labelled BUIPPOPEEX.
  1196 | D:2      | 1196 ||| Stepping ~*~*~tactically~*~*~ (stealth).
  1197 | D:2      | 1197 ||| Stepping ~*~*~tactically~*~*~ (stealth).
  1198 | D:2      | 1198 ||| Stepping ~*~*~tactically~*~*~ (stealth).
  1199 | D:2      | 1199 ||| Stepping ~*~*~tactically~*~*~ (stealth).
  1208 | D:2      | Reached skill level 3 in Axes
  1208 | D:2      | Reached XP level 3. HP: 23/23 MP: 3/3
  1234 | D:2      | 1234 ||| DROPPING +0 club.
  1318 | D:2      | Found a runed translucent door.
  1319 | D:2      | Noticed Crazy Yiuf
  1749 | D:2      | 1749 ||| UPGRADING to +0 helmet.
  1754 | D:2      | 1754 ||| UPGRADING to +0 pair of boots.
  1759 | D:2      | 1759 ||| UPGRADING to +0 chain mail.
  1769 | D:2      | 1769 ||| DROPPING +0 scale mail.
  1770 | D:2      | 1770 ||| READING scroll labelled DAULICWEKI.
  1771 | D:2      | 1771 ||| READING scroll labelled LEENIS QEMEGY.
  1772 | D:2      | 1772 ||| READING scroll labelled KISOOJ PUSE.
  1812 | D:3      | 1812 ||| STAIRDANCE
  1879 | D:3      | 1879 ||| STAIRDANCE
  2065 | D:3      | 2065 ||| Stepping ~*~*~tactically~*~*~ (stealth).
  2079 | D:3      | Reached XP level 4. HP: 16/28 MP: 4/4
  2257 | D:3      | 2257 ||| READING scroll of acquirement.
  2257 | D:3      | 2257 ||| ACQUIRING ring "Qymicoh" {rN+ rCorr Str+4 Dex+6
                  | Stlth+}
  2257 | D:3      | Acquired the ring "Qymicoh" {rN+ rCorr Str+4 Dex+6 Stlth+}
  2259 | D:3      | 2259 ||| UPGRADING to ring "Qymicoh" {rN+ rCorr Str+4 Dex+6
                  | Stlth+}.
  2311 | D:3      | Reached skill level 4 in Axes
  2961 | D:3      | 2961 ||| DROPPING amulet of magic regeneration.
  2962 | D:3      | 2962 ||| READING 2 scrolls labelled HOKISK DALUETZ.
  2963 | D:3      | 2963 ||| READING 2 scrolls labelled RICYZO XESU.
  2966 | D:3      | 2966 ||| READING scroll labelled DIGRAO GEIMEIMEFEZ.
  2967 | D:3      | 2967 ||| DRINKING 2 red potions.
  2968 | D:3      | 2968 ||| DROPPING scroll of noise.
  2969 | D:3      | 2969 ||| DROPPING potion of invisibility.
  2999 | D:4      | Reached skill level 1 in Dodging
  2999 | D:4      | 2999 ||| STAIRDANCE
  3081 | D:4      | Noticed a scorpion
  3083 | D:4      | 3083 ||| Stepping ~*~*~tactically~*~*~ (hiding).
  3090 | D:4      | Killed a scorpion
  3090 | D:4      | HP: 5/28 [gnoll/+0 spear (8)]
  3091 | D:4      | Reached XP level 5. HP: 6/32 MP: 5/5
  3091 | D:4      | 3091 ||| READING scroll of teleportation.
  3092 | D:4      | HP: 2/32 [gnoll/+0 spear (5)]
  3093 | D:4      | Slain by a gnoll

Levels and vault maps discovered:
D:1:      dpeg_arrival_lava_temple_mockup, layout_loops_ring,
          nicolae_hexahallways
D:2:      layout_basic, hex_tiny, uniq_crazy_yiuf_cottage
D:3:      layout_basic, reono_crystal_passage
D:4:      layout_loops_cross, mainiacjoe_overflow_two_lobes,
          gammafunk_ghost_nasty_kobolds, uniq_natasha

Skill      XL: |  1  2  3  4 |
---------------+-------------+-----
Axes           | 2 3 4 |  4.6
Dodging        | 1 |  1.4
Fighting       | |  3.2
Armour         | |  3.2
Shields        | |  3.2

Action                   |  1- 3 |  4- 6 || total
-------------------------+-------+-------++-------
Melee: War axe           |    73 |    49 ||   122
Throw: Boomerang         |    21 |    34 ||    55
  Use: Scroll            |     7 |     5 ||    12
       Potion            |       |     1 ||     1
Armor: Scale mail        |    18 |       ||    18
       Chain mail        |    11 |    30 ||    41
Dodge: Dodged            |    29 |    23 ||    52
Block: Buckler           |    18 |     4 ||    22

Table legend:
 A = Non-vault XP
 B = Vault XP
 C = Vault XP percentage of total XP
 D = Non-vault monster count
 E = Vault monster count
 F = Vault count percentage of total count
                 A         B        C        D         E       F
            +---------+---------+-------+---------+---------+-------
      Total |     238 |       0 |   0.0 |      55 |       0 |   0.0
            +---------+---------+-------+---------+---------+-------
        D:1 |      16 |       0 |   0.0 |       8 |       0 |   0.0
        D:2 |      48 |       0 |   0.0 |      19 |       0 |   0.0
        D:3 |      54 |       0 |   0.0 |      26 |       0 |   0.0
        D:4 |     120 |       0 |   0.0 |       2 |       0 |   0.0
            +---------+---------+-------+---------+---------+-------
